AoeStats
← OnyxEnquiry

Arabia

510400053Analyzed
1v1 RM · 2d ago on Sep 30, 2026· 31m 30s· 2 players
Game mode
Random Map
Map size
Tiny (2 player)
Population
200
Speed
Normal
Resources
Standard
Victory
Conquest
Starting age
Dark Age
Ending age
Imperial Age
RankedLock teamsTeams togetherTeam positionsShared explorationLock speedFull tech treeHidden civsTurbo modeCheats
Victory
Defeat
🇺🇸 Celts · United States
866
+41
🇬🇧 Jurchens · United Kingdom
846
-15
OnyxEnquiry
6:32 Loom
11:45 Feudal Age
16:09 Castle Age
13:55 Horse Collar
15:08 Double-Bit Axe
18:54 Scale Barding Armor
22:06 Gold Mining
25:14 Husbandry
28:32 Fletching
Vanguard
3:43 Loom
11:17 Feudal Age
11:43 Double-Bit Axe
11:20 Man-at-Arms
13:19 Horse Collar
13:52 Scale Mail Armor
18:10 Wheelbarrow
21:45 Castle Age
21:48 Long Swordsman
22:15 Gambesons
22:47 Chain Mail Armor
23:56 Heavy Plow
24:35 Town Watch
27:00 Hand Cart
28:20 Bow Saw
Connection lost

Rejoining the realm…

Still unreachable

The connection could not be restored.

Session expired

The server has moved on; the page needs a fresh start.